APP
OGDEN RAPTORS @ HELENA BREWERS
10/09/2049
 
TOP OF THE 1ST
San Diego (APP) Padres batting - Pitching for Billings Mustangs : LHP Alex Villagran
Pitching: LHP Alex Villagran
Batting: SHB Juan Luna 0-0: Called Strike
0-1: Reached on error, E6 (Groundball, 6, EV 80.6 MPH)
Batting: SHB Justin Burkholder 0-0: Reached on error, E7 (Flyball, 78D, EV 109.4 MPH)
Juan Luna to third
Batting: RHB Laroya Foronda 0-0: Foul Ball, location: 2F
0-1: Ground out 4-3 (Groundball, 4, EV 79.4 MPH)
Juan Luna scores
Justin Burkholder to third
Batting: RHB Luis Ramos 0-0: Ball
1-0: Fly out, F8 (Flyball, 8RD, EV 97.5 MPH)
Runner from 3rd tags up, SCORES, throw by CF
Batting: LHB Bobby Mohr 0-0: Called Strike
0-1: Swinging Strike
0-2: Ball
1-2: Foul Ball, location: 2F
1-2: Strikes out swinging
Top of the 1st over - 2 runs, 0 hits, 2 errors, 0 left on base; San Diego (APP) 2 - Billings 0
BOTTOM OF THE 1ST
Billings Mustangs batting - Pitching for San Diego (APP) Padres : LHP Ramon Amaya
Pitching: LHP Ramon Amaya
Batting: LHB Johan de Vries 0-0: Swinging Strike
0-1: Ball
1-1: Foul Ball, location: 2F
1-2: Ball
2-2: Ball
3-2: Fly out, F7 (Flyball, 7D, EV 102.5 MPH)
Batting: RHB Bastiaan Clark 0-0: Ball
1-0: Swinging Strike
1-1: Foul Ball, location: 2F
1-2: Ball
2-2: Fly out, F7 (Line Drive, 7, EV 90.6 MPH)
Batting: RHB Sal Chavira 0-0: Ball
1-0: Ball
2-0: Ball
3-0: Called Strike
3-1: Swinging Strike
3-2: Foul Ball, location: 2F
3-2: Foul Ball, location: 2F
3-2: SINGLE (Groundball, 6MD, EV 100.0 MPH)
Batting: RHB Brent Moody 0-0: Foul Ball, location: 2F
0-1: Ball
Passed Ball!
Sal Chavira to second
1-1: Called Strike
1-2: Strikes out swinging
Bottom of the 1st over - 0 runs, 1 hit, 0 errors, 1 left on base; San Diego (APP) 2 - Billings 0
TOP OF THE 2ND
San Diego (APP) Padres batting - Pitching for Billings Mustangs : LHP Alex Villagran
Batting: RHB Joe Brady 0-0: Fly out, F8 (Flyball, 8RD, EV 90.0 MPH)
Batting: LHB Justin Banner 0-0: Foul Ball, location: 2F
0-1: Foul Ball, location: 2F
0-2: Ball
1-2: Ball
2-2: Ball
3-2: SINGLE (Groundball, 34D, EV 96.3 MPH)
Batting: LHB Byron Carmichael 0-0: Ball
1-0: Ball
2-0: Ball
3-0: Called Strike
3-1: Foul Ball, location: 2F
3-2: Foul Ball, location: 2F
3-2: Foul Ball, location: 2F
3-2: DOUBLE (Line Drive, 78D, EV 100.6 MPH)
Justin Banner to third
Batting: LHB Ramon Amaya 0-0: Ball
1-0: Ball
2-0: Called Strike
2-1: Foul Ball, location: 2F
2-2: Ball
3-2: Base on Balls
Batting: SHB Juan Luna 0-0: SINGLE (Flyball, 89M, EV 89.4 MPH)
Justin Banner scores
Byron Carmichael to third
Ramon Amaya to second
Batting: SHB Justin Burkholder 0-0: Ball
1-0: Ball
2-0: Fly out, F9 (Flyball, 89S, EV 92.5 MPH)
Batting: RHB Laroya Foronda 0-0: Foul Ball, location: 2F
0-1: Called Strike
0-2: Ball
1-2: Strikes out swinging
Top of the 2nd over - 1 run, 3 hits, 0 errors, 3 left on base; San Diego (APP) 3 - Billings 0
BOTTOM OF THE 2ND
Billings Mustangs batting - Pitching for San Diego (APP) Padres : LHP Ramon Amaya
Batting: RHB Mark MacLeod 0-0: Swinging Strike
0-1: Ball
1-1: Called Strike
1-2: Ball
2-2: Foul Ball, location: 2F
2-2: Ball
3-2: Base on Balls
Batting: LHB Jason Fuchs 0-0: Ball
Passed Ball!
Mark MacLeod to second
1-0: Ball
2-0: Called Strike
2-1: Foul Ball, location: 2F
2-2: Fly out, F9 (Line Drive, 9, EV 106.3 MPH)
Batting: RHB Jorge Olmos 0-0: Fly out, F8 (Flyball, 8LM, EV 80.6 MPH)
Batting: LHB Luis Pena 0-0: Called Strike
0-1: Ball
Passed Ball!
Mark MacLeod to third
1-1: Foul Ball, location: 2F
1-2: Ball
2-2: SINGLE (Groundball, 56, EV 97.5 MPH)
Mark MacLeod scores
Batting: LHB Alex Villagran 0-0: Swinging Strike
0-1: SINGLE (Groundball, 4, EV 83.8 MPH) (infield hit)
Luis Pena to second
Batting: LHB Johan de Vries 0-0: Ball
1-0: Called Strike
1-1: Ball
Passed Ball!
Luis Pena to third
Alex Villagran to second
2-1: Foul Ball, location: 2F
2-2: Foul Ball, location: 2F
2-2: Ground out 6-3 (Groundball, 6M, EV 103.1 MPH)
Bottom of the 2nd over - 1 run, 2 hits, 0 errors, 2 left on base; San Diego (APP) 3 - Billings 1
TOP OF THE 3RD
San Diego (APP) Padres batting - Pitching for Billings Mustangs : LHP Alex Villagran
Batting: RHB Luis Ramos 0-0: Called Strike
0-1: Swinging Strike
0-2: SINGLE (Line Drive, 7S, EV 100.6 MPH)
Batting: LHB Bobby Mohr 0-0: Called Strike
0-1: Ball
1-1: Swinging Strike
1-2: Ball
2-2: Foul Ball, location: 2F
2-2: DOUBLE (Line Drive, 89XD, EV 102.5 MPH)
Luis Ramos to third
Batting: RHB Joe Brady 0-0: Called Strike
0-1: Ball
1-1: Ball
2-1: Swinging Strike
2-2: Strikes out swinging
Batting: LHB Justin Banner 0-0: Called Strike
0-1: Fly out, F5 (Popup, 5, EV 71.3 MPH)
Batting: LHB Byron Carmichael 0-0: Intentional Walk
Batting: LHB Ramon Amaya 0-0: Ball
1-0: Ball
2-0: Fielders Choice at 2nd, 6-4 (Groundball, 6, EV 83.8 MPH)
Top of the 3rd over - 0 runs, 2 hits, 0 errors, 3 left on base; San Diego (APP) 3 - Billings 1
BOTTOM OF THE 3RD
Billings Mustangs batting - Pitching for San Diego (APP) Padres : LHP Ramon Amaya
Batting: RHB Bastiaan Clark 0-0: SINGLE (Groundball, 4D, EV 105.0 MPH)
Batting: RHB Sal Chavira 0-0: Fielders Choice at 2nd, 5-4 (Groundball, 5, EV 88.1 MPH)
Batting: RHB Brent Moody 0-0: Called Strike
0-1: Ball
1-1: Foul Ball, location: 2F
1-2: Ball
2-2: Strikes out swinging
Batting: RHB Mark MacLeod 0-0: Called Strike
0-1: Ball
1-1: Ball
2-1: Called Strike
2-2: Fielders Choice at 2nd, 5-4 (Groundball, 56, EV 81.9 MPH)
Bottom of the 3rd over - 0 runs, 1 hit, 0 errors, 1 left on base; San Diego (APP) 3 - Billings 1
TOP OF THE 4TH
San Diego (APP) Padres batting - Pitching for Billings Mustangs : LHP Alex Villagran
Batting: SHB Juan Luna 0-0: Ball
1-0: Ground out 1-3 (Groundball, P, EV 71.9 MPH)
Batting: SHB Justin Burkholder 0-0: Ball
1-0: SINGLE (Line Drive, 8RS, EV 92.5 MPH)
Batting: RHB Laroya Foronda 0-0: SINGLE (Line Drive, 7S, EV 100.0 MPH)
Justin Burkholder to second
Batting: RHB Luis Ramos 0-0: Ball
1-0: Called Strike
1-1: Fielders Choice at 2nd, 3-6 (Groundball, 34, EV 84.4 MPH)
Justin Burkholder to third
Batting: LHB Bobby Mohr 0-0: Ball
1-0: Called Strike
1-1: Fly out, F7 (Flyball, 7, EV 96.9 MPH)
Top of the 4th over - 0 runs, 2 hits, 0 errors, 2 left on base; San Diego (APP) 3 - Billings 1
BOTTOM OF THE 4TH
Billings Mustangs batting - Pitching for San Diego (APP) Padres : LHP Ramon Amaya
Batting: LHB Jason Fuchs 0-0: Swinging Strike
0-1: Ball
1-1: SINGLE (Groundball, 3D, EV 98.1 MPH)
Batting: RHB Jorge Olmos 0-0: Ball
Balk!
Jason Fuchs to second
1-0: Foul Ball, location: 2F
1-1: Swinging Strike
1-2: Foul Ball, location: 2F
1-2: Ball
Wild Pitch!
Jason Fuchs to third
2-2: Ball
3-2: Reached on error, E1 (Groundball, 15S, EV 71.3 MPH)
Jason Fuchs scores
Batting: LHB Luis Pena 0-0: Ground out 4-3 (Groundball, 34, EV 107.5 MPH)
Jorge Olmos to second
Batting: LHB Alex Villagran 0-0: Ball
1-0: Called Strike
1-1: Foul Ball, location: 2F
1-2: Strikes out swinging
Pitching: RHP Cesar Nunez
Now at 1B: John Gray
Batting: LHB Johan de Vries 0-0: Ball
1-0: Foul Ball, location: 2F
1-1: Ball
2-1: Swinging Strike
2-2: Fly out, F7 (Flyball, 7S, EV 89.4 MPH)
Bottom of the 4th over - 1 run, 1 hit, 1 error, 1 left on base; San Diego (APP) 3 - Billings 2
TOP OF THE 5TH
San Diego (APP) Padres batting - Pitching for Billings Mustangs : LHP Alex Villagran
Batting: RHB Joe Brady 0-0: Ground out 3-1 (Groundball, 34S, EV 76.9 MPH)
Batting: LHB Justin Banner 0-0: Ball
1-0: Ground out 4-3 (Groundball, 4, EV 85.0 MPH)
Batting: LHB Byron Carmichael 0-0: SINGLE (Groundball, 6D, EV 104.4 MPH)
Batting: RHB Cesar Nunez 0-0: Called Strike
0-1: Ball
1-1: Fly out, F9 (Flyball, 89M, EV 86.3 MPH)
Top of the 5th over - 0 runs, 1 hit, 0 errors, 1 left on base; San Diego (APP) 3 - Billings 2
BOTTOM OF THE 5TH
Billings Mustangs batting - Pitching for San Diego (APP) Padres : RHP Cesar Nunez
Batting: RHB Bastiaan Clark 0-0: Ball
1-0: Ball
2-0: Ball
3-0: Base on Balls
Batting: RHB Sal Chavira 0-0: Ball
1-0: Ball
2-0: Ball
3-0: Called Strike
3-1: Base on Balls
Bastiaan Clark to second
Batting: RHB Brent Moody 0-0: Ball
Wild Pitch!
Bastiaan Clark to third
Sal Chavira to second
1-0: Fly out, F7 (Flyball, 7, EV 93.1 MPH)
Batting: RHB Mark MacLeod 0-0: Ball
Passed Ball!
Bastiaan Clark scores
Sal Chavira to third
1-0: Swinging Strike
1-1: Fly out, F9 (Flyball, 9S, EV 86.9 MPH)
Batting: LHB Jason Fuchs 0-0: Ball
1-0: Ball
2-0: Called Strike
2-1: Foul Ball, location: 2F
2-2: DOUBLE (Line Drive, 78M, EV 100.6 MPH)
Sal Chavira scores
Batting: RHB Jorge Olmos 0-0: Ball
Passed Ball!
Jason Fuchs to third
1-0: Reached on error, E7 (Flyball, 7D, EV 101.9 MPH)
Jason Fuchs scores
Batting: LHB Luis Pena 0-0: Intentional Walk
Batting: LHB Alex Villagran 0-0: Ball
1-0: Called Strike
1-1: Swinging Strike
Passed Ball!
Jorge Olmos to third
Luis Pena to second
1-2: Foul Ball, location: 2F
1-2: Ball
2-2: Foul Ball, location: 2F
2-2: Strikes out swinging
Bottom of the 5th over - 3 runs, 1 hit, 1 error, 2 left on base; San Diego (APP) 3 - Billings 5
TOP OF THE 6TH
San Diego (APP) Padres batting - Pitching for Billings Mustangs : LHP Alex Villagran
Batting: SHB Juan Luna 0-0: Called Strike
0-1: Ball
1-1: DOUBLE (Groundball, 3L, EV 103.8 MPH)
Batting: SHB Justin Burkholder 0-0: Swinging Strike
0-1: Ball
1-1: Foul Ball, location: 2F
1-2: Ball
2-2: Strikes out swinging
Batting: RHB Laroya Foronda 0-0: Called Strike
0-1: Called Strike
0-2: Strikes out looking
Batting: RHB Luis Ramos 0-0: Ball
1-0: Ball
2-0: Called Strike
2-1: Called Strike
2-2: Strikes out swinging
Top of the 6th over - 0 runs, 1 hit, 0 errors, 1 left on base; San Diego (APP) 3 - Billings 5
BOTTOM OF THE 6TH
Billings Mustangs batting - Pitching for San Diego (APP) Padres : RHP Cesar Nunez
Pitching: RHP Danny Casillas
Batting: LHB Johan de Vries 0-0: Ball
1-0: Swinging Strike
1-1: Foul Ball, location: 2F
1-2: Ball
2-2: Foul Ball, location: 2F
2-2: Strikes out swinging
Batting: RHB Bastiaan Clark 0-0: Ball
1-0: Ball
2-0: Ground out 5-3 (Groundball, 56, EV 102.5 MPH)
Batting: RHB Sal Chavira 0-0: Ball
1-0: Called Strike
1-1: Ball
2-1: SINGLE (Groundball, 6MD, EV 94.4 MPH)
Batting: RHB Brent Moody 0-0: Foul Ball, location: 2F
0-1: Ball
Wild Pitch!
Sal Chavira to second
1-1: Ball
Wild Pitch!
Sal Chavira to third
2-1: Swinging Strike
Passed Ball!
Sal Chavira scores
2-2: Ball
3-2: Base on Balls
Batting: RHB Mark MacLeod 0-0: Ball
Brent Moody steals 2nd base
1-0: Ball
2-0: Ball
3-0: Called Strike
3-1: SINGLE (Flyball, 9LS, EV 85.6 MPH)
Brent Moody to third
Runner from 3rd tries for Home, SAFE, throw by RF to home
Batting: LHB Jason Fuchs 0-0: Ball
1-0: DOUBLE (Flyball, 8RXD, EV 93.8 MPH)
Mark MacLeod to third
Runner from 3rd tries for Home, SAFE, throw by CF to home
Pitching: RHP Brendan Dotson
Batting: RHB Jorge Olmos 0-0: Called Strike
0-1: Ball
1-1: Called Strike
1-2: Ball
2-2: Foul Ball, location: 2F
2-2: Foul Ball, location: 2F
2-2: Strikes out looking
Bottom of the 6th over - 3 runs, 3 hits, 0 errors, 1 left on base; San Diego (APP) 3 - Billings 8
TOP OF THE 7TH
San Diego (APP) Padres batting - Pitching for Billings Mustangs : LHP Alex Villagran
Pitching: RHP Fidde van Vlaanderen
Batting: RHB John Gray 0-0: Ball
1-0: Foul Ball, location: 2F
1-1: Ball
2-1: Called Strike
2-2: Foul Ball, location: 2F
2-2: Strikes out swinging
Batting: RHB Joe Brady 0-0: Ball
1-0: Ground out 5-3 (Groundball, 56S, EV 86.3 MPH)
Batting: LHB Justin Banner 0-0: Foul Ball, location: 2F
0-1: Ball
1-1: Ball
2-1: Foul Ball, location: 2F
2-2: Strikes out swinging
Top of the 7th over - 0 runs, 0 hits, 0 errors, 0 left on base; San Diego (APP) 3 - Billings 8
BOTTOM OF THE 7TH
Billings Mustangs batting - Pitching for San Diego (APP) Padres : RHP Brendan Dotson
Batting: LHB Luis Pena 0-0: Ground out 4-3 (Groundball, 4, EV 89.4 MPH)
Pinch Hitting: RHB Ivan Cervantes 0-0: Ball
1-0: Swinging Strike
1-1: Swinging Strike
1-2: Strikes out looking
Batting: LHB Johan de Vries 0-0: Foul Ball, location: 2F
0-1: Ball
1-1: Called Strike
1-2: Ball
2-2: Foul Ball, location: 2F
2-2: Ball
3-2: SINGLE (Groundball, 34D, EV 94.4 MPH)
Batting: RHB Bastiaan Clark 0-0: Called Strike
0-1: Foul Ball, location: 2F
0-2: Ball
Johan de Vries steals 2nd base
1-2: Ball
2-2: SINGLE (Line Drive, 78S, EV 107.5 MPH)
Johan de Vries to third
Batting: RHB Sal Chavira 0-0: Called Strike
0-1: Called Strike
0-2: Strikes out swinging
Bottom of the 7th over - 0 runs, 2 hits, 0 errors, 2 left on base; San Diego (APP) 3 - Billings 8
TOP OF THE 8TH
San Diego (APP) Padres batting - Pitching for Billings Mustangs : RHP Fidde van Vlaanderen
Pitching: RHP Tom McCarthy
Batting: LHB Byron Carmichael 0-0: Called Strike
0-1: Called Strike
0-2: Foul Ball, location: 2F
0-2: Strikes out swinging
Pinch Hitting: RHB Jonathan Klug 0-0: Called Strike
0-1: Ball
1-1: Swinging Strike
1-2: Strikes out looking
Batting: SHB Juan Luna 0-0: Called Strike
0-1: Foul Ball, location: 2F
0-2: Strikes out swinging
Top of the 8th over - 0 runs, 0 hits, 0 errors, 0 left on base; San Diego (APP) 3 - Billings 8
BOTTOM OF THE 8TH
Billings Mustangs batting - Pitching for San Diego (APP) Padres : RHP Brendan Dotson
Pitching: RHP Billy Virjonen
Batting: RHB Brent Moody 0-0: Called Strike
0-1: Foul Ball, location: 2F
0-2: Foul Ball, location: 2F
0-2: Strikes out swinging
Batting: RHB Mark MacLeod 0-0: Called Strike
0-1: SINGLE (Groundball, 34, EV 91.9 MPH) (infield hit)
Batting: LHB Jason Fuchs 0-0: Fly out, F7 (Flyball, 7LDF, EV 103.8 MPH)
Batting: RHB Jorge Olmos 0-0: Called Strike
Passed Ball!
Mark MacLeod to second
0-1: Foul Ball, location: 2F
0-2: Strikes out looking
Bottom of the 8th over - 0 runs, 1 hit, 0 errors, 1 left on base; San Diego (APP) 3 - Billings 8
TOP OF THE 9TH
San Diego (APP) Padres batting - Pitching for Billings Mustangs : RHP Tom McCarthy
Batting: SHB Justin Burkholder 0-0: Called Strike
0-1: Foul Ball, location: 2F
0-2: Ball
1-2: Ball
2-2: Foul Ball, location: 2F
2-2: Strikes out looking
Batting: RHB Laroya Foronda 0-0: Ball
1-0: Called Strike
1-1: Swinging Strike
1-2: Ball
2-2: Foul Ball, location: 2F
2-2: Strikes out swinging
Batting: RHB Luis Ramos 0-0: Fly out, F9 (Flyball, 9LS, EV 86.3 MPH)
Top of the 9th over - 0 runs, 0 hits, 0 errors, 0 left on base; San Diego (APP) 3 - Billings 8
Sunday, July 16th , 2023 - OOTP Baseball 24.6 Build 69